Orlando Solar Bears vs Tucson Roadrunners

Created - Saturday, February 14, 2026 at 09:09

Goals
1 2 3 T
Orlando Solar Bears 1 3 1 5
Tucson Roadrunners 0 1 2 3
Shots
1 2 3 T
Orlando Solar Bears 16 9 10 35
Tucson Roadrunners 6 12 21 39

1st period

1. Orlando Solar Bears , Alex Turcotte 18 (Martin Pospisil 25, Justin Danforth 15) at 19:45

Penalties :
No Penalty

2nd period

2. Orlando Solar Bears , Alex Turcotte 19 (Justin Danforth 16) at 0:04
3. Orlando Solar Bears , Jesper Boqvist 8 (Ty Nelson 5, Gustav Nyquist 19) at 9:40 (PP)
4. Tucson Roadrunners , Steven Lorentz 15 (Samuel Knazko 5, Hunter Drew 4) at 12:27
5. Orlando Solar Bears , Marat Khusnutdinov 9 (Justin Sourdif 7) at 18:03

Penalties :
Matt Luff (TRR) for Tripping (Minor) at 8:53

3rd period

6. Tucson Roadrunners , Ivan Ivan 16 (William Carrier 25, Dryden Hunt 22) at 0:35
7. Tucson Roadrunners , Brock McGinn 19 (Topias Vilen 9) at 10:31
8. Orlando Solar Bears , Gustav Nyquist 8 (TJ Brodie 16) at 19:44 (Empty Net)

Penalties :
No Penalty

Goalie Stats

Domenic DiVincentiis (OSB), 36 saves from 39 shots - (0.923), W, 1-0-0, 60:00 minutes
Vyacheslav Peksa (TRR), 30 saves from 34 shots - (0.882), L, 4-2-0, 58:47 minutes

Players Stats for Orlando Solar Bears

Player Name              G  A  P  +/- PIM S  H  SB GA TA FO     MP     PP MP  PK MP  
------------------------------------------------------------------------------------
                         0  0  0   0  0   0  0  0  0  0  0/0     0:00   0:00   0:00 
Adam Beckman             0  0  0   1  0   2  3  0  0  0  0/1    15:00   0:00   0:00 
Alex Turcotte            2  0  2   1  0   5  2  1  0  0  0/0    16:51   0:00   0:00 
Alexis Gendron           0  0  0   0  0   0  1  0  0  0  0/0     9:13   0:00   0:00 
Amadeus Lombardi         0  0  0   0  0   1  1  0  0  1  1/3     9:13   0:00   0:00 
Carter Mazur             0  0  0   0  0   1  0  0  2  0  0/0     9:13   0:00   0:00 
Conor Sheary             0  0  0  -1  0   3  1  1  0  0  1/1    18:56   0:47   0:00 
Gustav Nyquist           1  1  2  -1  0   8  0  0  5  1  13/19  18:56   0:47   0:00 
Henry Thrun              0  0  0   0  0   2  1  2  1  2  0/0    25:36   0:00   0:00 
Isaak Phillips           0  0  0  -1  0   0  2  2  0  1  0/0    15:25   0:00   0:00 
Jesper Boqvist           1  0  1  -1  0   2  1  2  3  1  0/2    18:56   0:47   0:00 
Justin Danforth          0  2  2   1  0   0  0  0  2  0  11/19  16:51   0:00   0:00 
Justin Sourdif           0  1  1   1  0   2  0  0  1  0  0/1    15:00   0:00   0:00 
Marat Khusnutdinov       1  0  1   1  0   4  0  0  0  0  6/8    15:00   0:00   0:00 
Martin Pospisil          0  1  1   1  0   2  1  0  3  0  0/0    16:51   0:00   0:00 
Spencer Stastney         0  0  0   2  0   1  2  2  0  0  0/0    18:59   0:47   0:00 
TJ Brodie                0  1  1   0  0   1  3  3  0  0  0/0    25:36   0:00   0:00 
Topi Niemela             0  0  0  -1  0   0  1  1  0  0  0/0    15:25   0:00   0:00 
Ty Nelson                0  1  1   2  0   1  2  2  0  0  0/0    18:59   0:47   0:00 

Players Stats for Tucson Roadrunners

Player Name              G  A  P  +/- PIM S  H  SB GA TA FO     MP     PP MP  PK MP  
------------------------------------------------------------------------------------
                         0  0  0   0  0   0  0  0  0  0  0/0     0:00   0:00   0:00 
Andre Lee                0  0  0   1  0   1  1  1  0  0  0/0     8:56   0:00   0:00 
Brock McGinn             1  0  1  -3  0   3  1  0  1  1  0/0    16:28   0:00   0:17 
Chase Wheatcroft         0  0  0   0  0   2  0  0  0  0  6/13   16:24   0:00   0:00 
Dryden Hunt              0  1  1   1  0   1  3  0  1  1  0/0    18:16   0:00   0:30 
Fabian Wagner            0  0  0   1  0   2  0  0  0  0  3/5     8:35   0:00   0:00 
Hunter Drew              0  1  1   1  0   2  2  0  0  0  0/0    19:03   0:00   0:00 
Hunter Haight            0  0  0   0  0   4  0  0  0  2  0/0    16:24   0:00   0:00 
Ivan Ivan                1  0  1   1  0   3  0  0  1  2  3/11   17:44   0:00   0:00 
Jani Hakanpaa            0  0  0  -2  0   0  1  5  0  3  0/0    20:44   0:00   0:00 
Matt Luff                0  0  0   0  2   6  2  0  2  0  1/1    16:37   0:00   0:00 
Maxwell Crozier          0  0  0   0  0   0  1  1  0  1  0/0    19:34   0:00   0:47 
Ondrej Pavel             0  0  0   0  0   0  0  1  0  0  0/0     1:30   0:00   0:00 
Samuel Knazko            0  1  1   2  0   1  2  0  0  0  0/0    15:36   0:00   0:00 
Steven Lorentz           1  0  1  -2  0   7  2  2  0  2  8/23   23:57   0:00   0:17 
Topias Vilen             0  1  1   0  0   0  0  1  0  1  0/0    18:45   0:00   0:47 
Ty Dellandrea            0  0  0  -3  0   3  0  0  0  3  1/1    16:41   0:00   0:30 
Tyson Barrie             0  0  0  -3  0   1  1  3  1  1  0/0    26:12   0:00   0:00 
William Carrier          0  1  1   1  0   3  0  0  0  0  0/0    17:46   0:00   0:00 

3 Stars

1 - Alex Turcotte (OSB)
2 - Ty Nelson (OSB)
3 - Marat Khusnutdinov (OSB)

Power Play

Orlando Solar Bears - 1 on 1 Attempt(s) - 100.00%
Tucson Roadrunners - 0 on 0 Attempt(s) - 0.00%

Penalty Kill

Orlando Solar Bears - 0 on 0 Attempt(s) - 0.00% - Score 0 goal in Penalty Kill
Tucson Roadrunners - 0 on 1 Attempt(s) - 0.00% - Score 0 goal in Penalty Kill

Team Stat

Orlando Solar Bears - Hits : 21 - Faceoff Wins : 32 - Blocked Shots : 16 - Penalty Minutes : 0
Tucson Roadrunners - Hits : 16 - Faceoff Wins : 22 - Blocked Shots : 14 - Penalty Minutes : 2

Official

Referees : Kelly Sutherland and Jake Brenk
Linesman : Joseph Mahon and Brad Kovachik

Game Notes

Jani Hakanpaa is injured at 9:25 of 3rd period (Sore Left Knee)
Gustav Nyquist has scored in a empty net!

Orlando Solar Bears

5 vs 5 Forward 
   Center                   Left Wing                Right Wing               Time % Phy DF OF 
 1 Gustav Nyquist           Conor Sheary             Jesper Boqvist           30     1   2  2  
 2 Justin Danforth          Alex Turcotte            Martin Pospisil          30     1   2  2  
 3 Marat Khusnutdinov       Adam Beckman             Justin Sourdif           25     1   2  2  
 4 Amadeus Lombardi         Carter Mazur             Alexis Gendron           15     1   2  2  

5 vs 5 Defense 
   Defense                  Defense                                           Time % Phy DF OF 
 1 TJ Brodie                Henry Thrun                                       30     1   2  2  
 2 Spencer Stastney         Ty Nelson                                         30     1   2  2  
 3 Isaak Phillips           Topi Niemela                                      25     1   2  2  
 4 TJ Brodie                Henry Thrun                                       15     1   2  2  

PowerPlay Forward 
   Center                   Left Wing                Right Wing               Time % Phy DF OF 
 1 Gustav Nyquist           Conor Sheary             Jesper Boqvist           50     1   2  2  
 2 Justin Danforth          Alex Turcotte            Martin Pospisil          50     1   2  2  

PowerPlay Defense
   Defense                  Defense                                           Time % Phy DF OF 
 1 TJ Brodie                Henry Thrun                                       50     1   2  2  
 2 Spencer Stastney         Ty Nelson                                         50     1   2  2  

Penalty Kill 4 Players Forward 
   Center                   Wing                     Time % Phy DF OF 
 1 Gustav Nyquist           Conor Sheary             50     1   2  2  
 2 Jesper Boqvist           Justin Danforth          50     1   2  2  

Penalty Kill 4 Players Defense
   Defense                  Defense                  Time % Phy DF OF 
 1 TJ Brodie                Henry Thrun              50     1   2  2  
 2 Spencer Stastney         Ty Nelson                50     1   2  2  

Penalty Kill - 3 Players Forward 
   Forward                                           Time % Phy DF OF 
 1 Gustav Nyquist                                    50     1   2  2  
 2 Conor Sheary                                      50     1   2  2  

Penalty Kill - 3 Players Defense
   Defense                  Defense                  Time % Phy DF OF 
 1 TJ Brodie                Henry Thrun              50     1   2  2  
 2 Spencer Stastney         Ty Nelson                50     1   2  2  

4 vs 4 Forward 
   Center                   Wing                     Time % Phy DF OF 
 1 Gustav Nyquist           Conor Sheary             50     1   2  2  
 2 Jesper Boqvist           Justin Danforth          50     1   2  2  

4 vs 4 Defense
   Defense                  Defense                  Time % Phy DF OF 
 1 TJ Brodie                Henry Thrun              50     1   2  2  
 2 Spencer Stastney         Ty Nelson                50     1   2  2  

Last Minutes Offensive
   Center                   Left Wing                Right Wing               Defense                  Defense                  
   Gustav Nyquist           Conor Sheary             Jesper Boqvist           TJ Brodie                Henry Thrun              

Last Minutes Defensive
   Center                   Left Wing                Right Wing               Defense                  Defense                  
   Gustav Nyquist           Conor Sheary             Jesper Boqvist           TJ Brodie                Henry Thrun              

Goaltenders
Starting : Domenic DiVincentiis     
Backup : Daniel Vladar            

Extra Forwards
Normal : Marat Khusnutdinov, Adam Beckman, Amadeus Lombardi - PP : Marat Khusnutdinov, Adam Beckman - PK : Amadeus Lombardi
Extra Defensemen
Normal : Isaak Phillips, Topi Niemela, Spencer Stastney - PP : Isaak Phillips - PK : Topi Niemela, Spencer Stastney
Penalty Shots
Gustav Nyquist, Conor Sheary, Jesper Boqvist, Justin Danforth, Martin Pospisil

Scratches
Nikita Grebenkin (Groin Injury), Elliot Desnoyers (Healthy), Lukas Cormier (Healthy), Viktor Neuchev (Healthy), Marshall Warren (Healthy)
Erik Portillo (Healthy)

Tucson Roadrunners

5 vs 5 Forward 
   Center                   Left Wing                Right Wing               Time % Phy DF OF 
 1 Steven Lorentz           Brock McGinn             Ty Dellandrea            30     1   2  2  
 2 Ivan Ivan                Dryden Hunt              William Carrier          30     1   2  2  
 3 Chase Wheatcroft         Matt Luff                Hunter Haight            25     1   2  2  
 4 Fabian Wagner            Andre Lee                Steven Lorentz           15     1   2  2  

5 vs 5 Defense 
   Defense                  Defense                                           Time % Phy DF OF 
 1 Jani Hakanpaa            Tyson Barrie                                      30     1   2  2  
 2 Maxwell Crozier          Topias Vilen                                      30     1   2  2  
 3 Hunter Drew              Samuel Knazko                                     25     1   2  2  
 4 Jani Hakanpaa            Tyson Barrie                                      15     1   2  2  

PowerPlay Forward 
   Center                   Left Wing                Right Wing               Time % Phy DF OF 
 1 Steven Lorentz           Brock McGinn             Ty Dellandrea            50     1   2  2  
 2 Ivan Ivan                Dryden Hunt              William Carrier          50     1   2  2  

PowerPlay Defense
   Defense                  Defense                                           Time % Phy DF OF 
 1 Jani Hakanpaa            Tyson Barrie                                      50     1   2  2  
 2 Maxwell Crozier          Topias Vilen                                      50     1   2  2  

Penalty Kill 4 Players Forward 
   Center                   Wing                     Time % Phy DF OF 
 1 Steven Lorentz           Brock McGinn             50     1   2  2  
 2 Ty Dellandrea            Dryden Hunt              50     1   2  2  

Penalty Kill 4 Players Defense
   Defense                  Defense                  Time % Phy DF OF 
 1 Jani Hakanpaa            Tyson Barrie             50     1   2  2  
 2 Maxwell Crozier          Topias Vilen             50     1   2  2  

Penalty Kill - 3 Players Forward 
   Forward                                           Time % Phy DF OF 
 1 Steven Lorentz                                    50     1   2  2  
 2 Brock McGinn                                      50     1   2  2  

Penalty Kill - 3 Players Defense
   Defense                  Defense                  Time % Phy DF OF 
 1 Jani Hakanpaa            Tyson Barrie             50     1   2  2  
 2 Maxwell Crozier          Topias Vilen             50     1   2  2  

4 vs 4 Forward 
   Center                   Wing                     Time % Phy DF OF 
 1 Steven Lorentz           Brock McGinn             50     1   2  2  
 2 Ty Dellandrea            Dryden Hunt              50     1   2  2  

4 vs 4 Defense
   Defense                  Defense                  Time % Phy DF OF 
 1 Jani Hakanpaa            Tyson Barrie             50     1   2  2  
 2 Maxwell Crozier          Topias Vilen             50     1   2  2  

Last Minutes Offensive
   Center                   Left Wing                Right Wing               Defense                  Defense                  
   Steven Lorentz           Brock McGinn             Ty Dellandrea            Jani Hakanpaa            Tyson Barrie             

Last Minutes Defensive
   Center                   Left Wing                Right Wing               Defense                  Defense                  
   Steven Lorentz           Brock McGinn             Ty Dellandrea            Jani Hakanpaa            Tyson Barrie             

Goaltenders
Starting : Vyacheslav Peksa         
Backup : Unknown Goalie           

Extra Forwards
Normal : Ondrej Pavel, Matt Luff, Andre Lee - PP : Ondrej Pavel, Matt Luff - PK : Andre Lee
Extra Defensemen
Normal : Hunter Drew, Samuel Knazko, Maxwell Crozier - PP : Hunter Drew - PK : Samuel Knazko, Maxwell Crozier
Penalty Shots
Steven Lorentz, Brock McGinn, Ty Dellandrea, Dryden Hunt, William Carrier

Scratches
Zach Dean (Healthy), Atley Calvert (Sore Right Knee Injury), Lleyton Moore (Healthy), Corson Ceulemans (Healthy), Trevor Kuntar (Healthy)
Dyllan Gill (Healthy), Magnus Chrona (Healthy), Georgi Romanov (Healthy), Ruslan Khazheyev (Healthy), Arturs Silovs (Exhaustion)

% Time on Ice - Orlando Solar Bears

Lines # - Real PCT - Wanted PCT - Time Play
Normal Forward
1 - 30% - 30% - 17:38
2 - 29% - 30% - 16:51
3 - 26% - 25% - 15:00
4 - 16% - 15% - 9:13
Normal Defense
1 - 28% - 30% - 16:34
2 - 31% - 30% - 18:12
3 - 26% - 25% - 15:25
4 - 15% - 15% - 8:31
PP Forward
1 - 100% - 50% - 0:47
2 - 0% - 50% - 0:00
PP Defense
1 - 0% - 50% - 0:00
2 - 100% - 50% - 0:47
PK Forward
1 - 0% - 50%
2 - 0% - 50%
PK Defense
1 - 0% - 50%
2 - 0% - 50%
PK3 Forward
1 - 0% - 50%
2 - 0% - 50%
PK3 Defense
1 - 0% - 50%
2 - 0% - 50%
44 Forward
1 - 0% - 50%
2 - 0% - 50%
44 Defense
1 - 0% - 50%
2 - 0% - 50%
Last Minute Offensive  - 0:00
Last Minute Defensive  - 0:31
Total
Forward - 60:00
Defense - 60:00

% Time on Ice - Tucson Roadrunners

Lines # - Real PCT - Wanted PCT - Time Play
Normal Forward
1 - 26% - 30% - 15:16
2 - 31% - 30% - 18:03
3 - 28% - 25% - 16:24
4 - 15% - 15% - 8:35
Normal Defense
1 - 29% - 30% - 17:03
2 - 31% - 30% - 17:58
3 - 25% - 25% - 14:30
4 - 15% - 15% - 8:47
PP Forward
1 - 0% - 50%
2 - 0% - 50%
PP Defense
1 - 0% - 50%
2 - 0% - 50%
PK Forward
1 - 36% - 50% - 0:17
2 - 64% - 50% - 0:30
PK Defense
1 - 0% - 50% - 0:00
2 - 100% - 50% - 0:47
PK3 Forward
1 - 0% - 50%
2 - 0% - 50%
PK3 Defense
1 - 0% - 50%
2 - 0% - 50%
44 Forward
1 - 0% - 50%
2 - 0% - 50%
44 Defense
1 - 0% - 50%
2 - 0% - 50%
Last Minute Offensive  - 0:55
Last Minute Defensive  - 0:00
Total
Forward - 60:00
Defense - 60:00

Play-by-Play

1st period


0:01 of 1st period - Steven Lorentz wins face-off versus Jesper Boqvist in neutral zone.
1:21 of 1st period - Wrist shot by Ivan Ivan.
1:21 of 1st period - Stopped by Domenic DiVincentiis without a rebound.
1:22 of 1st period - Chase Wheatcroft wins face-off versus Marat Khusnutdinov in Orlando Solar Bears zone.
1:56 of 1st period - Wrist shot by Alex Turcotte.
1:56 of 1st period - Shot Blocked by Steven Lorentz.
1:59 of 1st period - Icing by Samuel Knazko.
2:00 of 1st period - Gustav Nyquist wins face-off versus Fabian Wagner in Tucson Roadrunners zone.
2:23 of 1st period - Snap shot by Steven Lorentz.
2:23 of 1st period - Stopped by Domenic DiVincentiis with a rebound.
2:37 of 1st period - Wrist shot by Gustav Nyquist.
2:37 of 1st period - Shot Misses the Net.
2:41 of 1st period - Snap shot by Gustav Nyquist.
2:41 of 1st period - Stopped by Vyacheslav Peksa with a rebound.
2:47 of 1st period - Snap shot by Gustav Nyquist.
2:47 of 1st period - Stopped by Vyacheslav Peksa with a rebound.
2:55 of 1st period - Snap shot by Gustav Nyquist.
2:55 of 1st period - Stopped by Vyacheslav Peksa with a rebound.
2:57 of 1st period - Slapshot by TJ Brodie.
2:57 of 1st period - Stopped by Vyacheslav Peksa without a rebound.
2:58 of 1st period - Justin Danforth wins face-off versus Chase Wheatcroft in Tucson Roadrunners zone.
3:03 of 1st period - Snap shot by Martin Pospisil.
3:03 of 1st period - Shot Blocked by Tyson Barrie.
3:23 of 1st period - Chase Wheatcroft is hit by Amadeus Lombardi and loses puck.
3:52 of 1st period - Snap shot by Justin Sourdif.
3:52 of 1st period - Deflect By Marat Khusnutdinov.
3:52 of 1st period - Shot Misses the Net.
3:52 of 1st period - Puck is out of play.
3:53 of 1st period - Marat Khusnutdinov wins face-off versus Ivan Ivan in Tucson Roadrunners zone.
4:06 of 1st period - Snap shot by Justin Sourdif.
4:06 of 1st period - Stopped by Vyacheslav Peksa with a rebound.
4:08 of 1st period - Slapshot by Henry Thrun.
4:08 of 1st period - Shot Misses the Net.
4:10 of 1st period - Wrist shot by Henry Thrun.
4:10 of 1st period - Stopped by Vyacheslav Peksa with a rebound.
4:22 of 1st period - William Carrier is hit by Ty Nelson and loses puck.
4:37 of 1st period - Snap shot by Adam Beckman.
4:37 of 1st period - Stopped by Vyacheslav Peksa with a rebound.
4:39 of 1st period - Slapshot by Isaak Phillips.
4:39 of 1st period - Shot Hit the Post.
4:49 of 1st period - Wrist shot by Marat Khusnutdinov.
4:49 of 1st period - Deflect By Adam Beckman.
4:49 of 1st period - Stopped by Vyacheslav Peksa without a rebound.
4:50 of 1st period - Steven Lorentz wins face-off versus Justin Danforth in Tucson Roadrunners zone.
4:50 of 1st period - Steven Lorentz is hit by Henry Thrun.
5:42 of 1st period - Wrist shot by Gustav Nyquist.
5:42 of 1st period - Stopped by Vyacheslav Peksa without a rebound.
5:43 of 1st period - Steven Lorentz wins face-off versus Gustav Nyquist in Tucson Roadrunners zone.
5:58 of 1st period - Brock McGinn is hit by Topi Niemela and loses puck.
6:18 of 1st period - Wrist shot by Amadeus Lombardi.
6:18 of 1st period - Shot Misses the Net.
7:32 of 1st period - Wrist shot by Carter Mazur.
7:32 of 1st period - Shot Blocked by Jani Hakanpaa.
8:19 of 1st period - Wrist shot by Martin Pospisil.
8:19 of 1st period - Shot Misses the Net.
8:26 of 1st period - Icing by Samuel Knazko.
8:27 of 1st period - Gustav Nyquist wins face-off versus Ivan Ivan in Tucson Roadrunners zone.
8:38 of 1st period - Snap shot by Ivan Ivan.
8:38 of 1st period - Shot Misses the Net.
9:06 of 1st period - Backhand shot by Matt Luff.
9:06 of 1st period - Shot Misses the Net.
9:08 of 1st period - Snap shot by Chase Wheatcroft.
9:08 of 1st period - Shot Misses the Net.
9:13 of 1st period - Off-side.
9:14 of 1st period - Ivan Ivan wins face-off versus Justin Danforth in neutral zone.
9:21 of 1st period - Jani Hakanpaa is hit by Alex Turcotte and loses puck.
9:48 of 1st period - Snap shot by Carter Mazur.
9:48 of 1st period - Shot Misses the Net.
9:50 of 1st period - Slapshot by Spencer Stastney.
9:50 of 1st period - Stopped by Vyacheslav Peksa with a rebound.
9:52 of 1st period - Slapshot by Spencer Stastney.
9:52 of 1st period - Shot Misses the Net.
9:54 of 1st period - Snap shot by Carter Mazur.
9:54 of 1st period - Shot Misses the Net.
10:10 of 1st period - Slapshot by Justin Sourdif.
10:10 of 1st period - Stopped by Vyacheslav Peksa with a rebound.
10:16 of 1st period - Wrist shot by Justin Sourdif.
10:16 of 1st period - Shot Misses the Net.
10:33 of 1st period - Snap shot by Conor Sheary.
10:33 of 1st period - Shot Blocked by Topias Vilen.
11:13 of 1st period - Snap shot by Andre Lee.
11:13 of 1st period - Stopped by Domenic DiVincentiis with a rebound.
13:08 of 1st period - Snap shot by Carter Mazur.
13:08 of 1st period - Stopped by Vyacheslav Peksa without a rebound.
13:09 of 1st period - Chase Wheatcroft wins face-off versus Amadeus Lombardi in Tucson Roadrunners zone.
13:26 of 1st period - Snap shot by Amadeus Lombardi.
13:26 of 1st period - Stopped by Vyacheslav Peksa with a rebound.
14:30 of 1st period - Brock McGinn is hit by Ty Nelson and loses puck.
14:49 of 1st period - Snap shot by Dryden Hunt.
14:49 of 1st period - Stopped by Domenic DiVincentiis without a rebound.
14:50 of 1st period - Conor Sheary wins face-off versus Ivan Ivan in Orlando Solar Bears zone.
16:54 of 1st period - Brock McGinn is hit by Isaak Phillips.
17:14 of 1st period - Snap shot by Steven Lorentz.
17:14 of 1st period - Stopped by Domenic DiVincentiis without a rebound.
17:15 of 1st period - Fabian Wagner wins face-off versus Marat Khusnutdinov in Orlando Solar Bears zone.
17:23 of 1st period - Off-side.
17:24 of 1st period - Gustav Nyquist wins face-off versus Ivan Ivan in neutral zone.
18:17 of 1st period - Wrist shot by Marat Khusnutdinov.
18:17 of 1st period - Shot Misses the Net.
18:19 of 1st period - Wrist shot by Marat Khusnutdinov.
18:19 of 1st period - Stopped by Vyacheslav Peksa without a rebound.
18:20 of 1st period - Gustav Nyquist wins face-off versus Ivan Ivan in Tucson Roadrunners zone.
18:54 of 1st period - Snap shot by Steven Lorentz.
18:54 of 1st period - Shot Misses the Net.
19:12 of 1st period - Tyson Barrie is hit by Adam Beckman and loses puck.
19:21 of 1st period - Slapshot by Marat Khusnutdinov.
19:21 of 1st period - Stopped by Vyacheslav Peksa without a rebound.
19:22 of 1st period - Gustav Nyquist wins face-off versus Steven Lorentz in Tucson Roadrunners zone.
19:35 of 1st period - Wrist shot by Steven Lorentz.
19:35 of 1st period - Stopped by Domenic DiVincentiis without a rebound.
19:36 of 1st period - Justin Danforth wins face-off versus Steven Lorentz in Orlando Solar Bears zone.
19:43 of 1st period - Slapshot by Alex Turcotte.
19:43 of 1st period - Shot Blocked by Jani Hakanpaa.
19:45 of 1st period - Snap shot by Alex Turcotte.
19:45 of 1st period - Goal by Alex Turcotte - Orlando Solar Bears : 1 - Tucson Roadrunners : 0.
19:46 of 1st period - Gustav Nyquist wins face-off versus Steven Lorentz in neutral zone.
Goals for this period are 1 for Orlando Solar Bears vs 0 for Tucson Roadrunners.
Shots for this period are 16 for Orlando Solar Bears vs 6 for Tucson Roadrunners.

2nd period


0:01 of 2nd period - Justin Danforth wins face-off versus Steven Lorentz in neutral zone.
0:04 of 2nd period - Snap shot by Alex Turcotte.
0:04 of 2nd period - Goal by Alex Turcotte - Orlando Solar Bears : 2 - Tucson Roadrunners : 0.
0:05 of 2nd period - Steven Lorentz wins face-off versus Justin Danforth in neutral zone.
0:20 of 2nd period - Backhand shot by Steven Lorentz.
0:20 of 2nd period - Shot Misses the Net.
0:33 of 2nd period - Snap shot by Martin Pospisil.
0:33 of 2nd period - Shot Hit the Post.
0:35 of 2nd period - Snap shot by Spencer Stastney.
0:35 of 2nd period - Deflect By Justin Danforth.
0:35 of 2nd period - Shot Misses the Net.
0:35 of 2nd period - Puck is out of play.
0:36 of 2nd period - Gustav Nyquist wins face-off versus Ivan Ivan in Tucson Roadrunners zone.
1:15 of 2nd period - Snap shot by Jesper Boqvist.
1:15 of 2nd period - Stopped by Vyacheslav Peksa with a rebound.
1:17 of 2nd period - Wrist shot by Conor Sheary.
1:17 of 2nd period - Shot Misses the Net.
1:31 of 2nd period - Matt Luff is hit by Spencer Stastney and loses puck.
2:19 of 2nd period - Slapshot by Brock McGinn.
2:19 of 2nd period - Shot Blocked by Spencer Stastney.
2:26 of 2nd period - Icing by Spencer Stastney.
2:27 of 2nd period - Amadeus Lombardi wins face-off versus Chase Wheatcroft in Orlando Solar Bears zone.
3:02 of 2nd period - Slapshot by Alex Turcotte.
3:02 of 2nd period - Shot Misses the Net.
3:36 of 2nd period - TJ Brodie is hit by Maxwell Crozier and loses puck.
3:43 of 2nd period - Snap shot by Hunter Haight.
3:43 of 2nd period - Shot Hit the Post.
4:25 of 2nd period - Justin Sourdif is hit by Steven Lorentz and loses puck.
4:36 of 2nd period - Snap shot by Matt Luff.
4:36 of 2nd period - Shot Misses the Net.
4:38 of 2nd period - Snap shot by Chase Wheatcroft.
4:38 of 2nd period - Stopped by Domenic DiVincentiis without a rebound.
4:39 of 2nd period - Chase Wheatcroft wins face-off versus Jesper Boqvist in Orlando Solar Bears zone.
4:42 of 2nd period - Slapshot by Matt Luff.
4:42 of 2nd period - Shot Blocked by TJ Brodie.
5:21 of 2nd period - Snap shot by Dryden Hunt.
5:21 of 2nd period - Shot Misses the Net.
5:48 of 2nd period - Amadeus Lombardi is hit by Brock McGinn and loses puck.
6:03 of 2nd period - Wrist shot by Ty Dellandrea.
6:03 of 2nd period - Shot Blocked by TJ Brodie.
6:05 of 2nd period - Slapshot by Samuel Knazko.
6:05 of 2nd period - Stopped by Domenic DiVincentiis with a rebound.
6:21 of 2nd period - Snap shot by Alex Turcotte.
6:21 of 2nd period - Stopped by Vyacheslav Peksa without a rebound.
6:22 of 2nd period - Justin Danforth wins face-off versus Chase Wheatcroft in Tucson Roadrunners zone.
6:25 of 2nd period - Snap shot by Martin Pospisil.
6:25 of 2nd period - Shot Misses the Net.
6:27 of 2nd period - Slapshot by Alex Turcotte.
6:27 of 2nd period - Shot Misses the Net.
7:36 of 2nd period - Snap shot by Ty Dellandrea.
7:36 of 2nd period - Shot Misses the Net.
7:50 of 2nd period - Wrist shot by Martin Pospisil.
7:50 of 2nd period - Shot Blocked by Steven Lorentz.
8:53 of 2nd period - Minor Penalty to Matt Luff for Tripping.
8:54 of 2nd period - Ty Dellandrea wins face-off versus Gustav Nyquist in Tucson Roadrunners zone.
9:02 of 2nd period - Icing by Conor Sheary.
9:03 of 2nd period - Steven Lorentz wins face-off versus Gustav Nyquist in Orlando Solar Bears zone.
9:08 of 2nd period - Snap shot by Brock McGinn.
9:08 of 2nd period - Shot Blocked by Spencer Stastney.
9:22 of 2nd period - Snap shot by Gustav Nyquist.
9:22 of 2nd period - Shot Misses the Net.
9:32 of 2nd period - Backhand shot by Conor Sheary.
9:32 of 2nd period - Shot Misses the Net.
9:38 of 2nd period - Snap shot by Gustav Nyquist.
9:38 of 2nd period - Stopped by Vyacheslav Peksa with a rebound.
9:40 of 2nd period - Slapshot by Ty Nelson.
9:40 of 2nd period - Deflect By Jesper Boqvist.
9:40 of 2nd period - Goal by Jesper Boqvist - Orlando Solar Bears : 3 - Tucson Roadrunners : 0.
9:41 of 2nd period - Justin Danforth wins face-off versus Steven Lorentz in neutral zone.
9:46 of 2nd period - Wrist shot by Martin Pospisil.
9:46 of 2nd period - Shot Misses the Net.
10:06 of 2nd period - Gustav Nyquist is hit by Dryden Hunt and loses puck.
10:13 of 2nd period - Wrist shot by William Carrier.
10:13 of 2nd period - Stopped by Domenic DiVincentiis with a rebound.
10:15 of 2nd period - Wrist shot by William Carrier.
10:15 of 2nd period - Shot Blocked by Henry Thrun.
10:17 of 2nd period - Slapshot by Topias Vilen.
10:17 of 2nd period - Shot Misses the Net.
10:32 of 2nd period - Adam Beckman is hit by Matt Luff and loses puck.
10:56 of 2nd period - Slapshot by Marat Khusnutdinov.
10:56 of 2nd period - Stopped by Vyacheslav Peksa with a rebound.
11:01 of 2nd period - Icing by Samuel Knazko.
11:02 of 2nd period - Gustav Nyquist wins face-off versus Fabian Wagner in Tucson Roadrunners zone.
11:06 of 2nd period - Icing by Fabian Wagner.
11:07 of 2nd period - Fabian Wagner wins face-off versus Gustav Nyquist in Tucson Roadrunners zone.
11:47 of 2nd period - Snap shot by Gustav Nyquist.
11:47 of 2nd period - Shot Blocked by Andre Lee.
12:03 of 2nd period - Wrist shot by Andre Lee.
12:03 of 2nd period - Shot Hit the Post.
12:05 of 2nd period - Slapshot by Hunter Drew.
12:05 of 2nd period - Stopped by Domenic DiVincentiis with a rebound.
12:07 of 2nd period - Snap shot by Fabian Wagner.
12:07 of 2nd period - Shot Misses the Net.
12:19 of 2nd period - Snap shot by Andre Lee.
12:19 of 2nd period - Shot Hit the Post.
12:21 of 2nd period - Slapshot by Hunter Drew.
12:21 of 2nd period - Stopped by Domenic DiVincentiis with a rebound.
12:23 of 2nd period - Snap shot by Steven Lorentz.
12:23 of 2nd period - Shot Misses the Net.
12:25 of 2nd period - Snap shot by Steven Lorentz.
12:25 of 2nd period - Shot Hit the Post.
12:27 of 2nd period - Slapshot by Samuel Knazko.
12:27 of 2nd period - Deflect By Steven Lorentz.
12:27 of 2nd period - Goal by Steven Lorentz - Orlando Solar Bears : 3 - Tucson Roadrunners : 1.
12:28 of 2nd period - Ivan Ivan wins face-off versus Justin Danforth in neutral zone.
12:31 of 2nd period - Slapshot by William Carrier.
12:31 of 2nd period - Stopped by Domenic DiVincentiis with a rebound.
12:33 of 2nd period - Slapshot by Tyson Barrie.
12:33 of 2nd period - Stopped by Domenic DiVincentiis without a rebound.
12:34 of 2nd period - Justin Danforth wins face-off versus Ivan Ivan in Orlando Solar Bears zone.
13:48 of 2nd period - Icing by Maxwell Crozier.
13:49 of 2nd period - Chase Wheatcroft wins face-off versus Amadeus Lombardi in Tucson Roadrunners zone.
14:08 of 2nd period - Slapshot by William Carrier.
14:08 of 2nd period - Deflect By Ivan Ivan.
14:08 of 2nd period - Shot Misses the Net.
14:08 of 2nd period - Puck is out of play.
14:09 of 2nd period - Marat Khusnutdinov wins face-off versus Ivan Ivan in Orlando Solar Bears zone.
14:16 of 2nd period - Ivan Ivan is hit by Isaak Phillips and loses puck.
14:24 of 2nd period - Off-side.
14:25 of 2nd period - Steven Lorentz wins face-off versus Justin Danforth in neutral zone.
14:52 of 2nd period - Conor Sheary is hit by Tyson Barrie and loses puck.
15:32 of 2nd period - Snap shot by Hunter Haight.
15:32 of 2nd period - Shot Blocked by Henry Thrun.
15:34 of 2nd period - Wrist shot by Chase Wheatcroft.
15:34 of 2nd period - Shot Misses the Net.
16:00 of 2nd period - Wrist shot by Alex Turcotte.
16:00 of 2nd period - Stopped by Vyacheslav Peksa with a rebound.
16:10 of 2nd period - Snap shot by Ty Dellandrea.
16:10 of 2nd period - Shot Misses the Net.
16:14 of 2nd period - Snap shot by Ty Dellandrea.
16:14 of 2nd period - Shot Blocked by Topi Niemela.
16:16 of 2nd period - Snap shot by Brock McGinn.
16:16 of 2nd period - Shot Blocked by Jesper Boqvist.
16:30 of 2nd period - Slapshot by Matt Luff.
16:30 of 2nd period - Stopped by Domenic DiVincentiis without a rebound.
16:31 of 2nd period - Chase Wheatcroft wins face-off versus Justin Danforth in Orlando Solar Bears zone.
17:25 of 2nd period - Off-side.
17:26 of 2nd period - Justin Danforth wins face-off versus Chase Wheatcroft in neutral zone.
17:33 of 2nd period - Snap shot by Tyson Barrie.
17:33 of 2nd period - Deflect By Chase Wheatcroft.
17:33 of 2nd period - Shot Misses the Net.
17:33 of 2nd period - Puck is out of play.
17:34 of 2nd period - Chase Wheatcroft wins face-off versus Justin Danforth in Orlando Solar Bears zone.
17:35 of 2nd period - Wrist shot by Matt Luff.
17:35 of 2nd period - Stopped by Domenic DiVincentiis with a rebound.
17:55 of 2nd period - Snap shot by Martin Pospisil.
17:55 of 2nd period - Shot Blocked by Jani Hakanpaa.
17:57 of 2nd period - Wrist shot by Martin Pospisil.
17:57 of 2nd period - Stopped by Vyacheslav Peksa without a rebound.
17:58 of 2nd period - Marat Khusnutdinov wins face-off versus Steven Lorentz in Tucson Roadrunners zone.
18:03 of 2nd period - Snap shot by Marat Khusnutdinov.
18:03 of 2nd period - Goal by Marat Khusnutdinov - Orlando Solar Bears : 4 - Tucson Roadrunners : 1.
18:04 of 2nd period - Justin Danforth wins face-off versus Steven Lorentz in neutral zone.
18:07 of 2nd period - Ty Dellandrea is hit by Martin Pospisil and loses puck.
18:16 of 2nd period - Snap shot by Ty Dellandrea.
18:16 of 2nd period - Shot Misses the Net.
18:18 of 2nd period - Wrist shot by Steven Lorentz.
18:18 of 2nd period - Stopped by Domenic DiVincentiis with a rebound.
19:17 of 2nd period - Snap shot by Steven Lorentz.
19:17 of 2nd period - Shot Blocked by Ty Nelson.
19:19 of 2nd period - Slapshot by Tyson Barrie.
19:19 of 2nd period - Shot Blocked by Ty Nelson.
19:21 of 2nd period - Snap shot by Jani Hakanpaa.
19:21 of 2nd period - Shot Misses the Net.
19:23 of 2nd period - Slapshot by Tyson Barrie.
19:23 of 2nd period - Deflect By Fabian Wagner.
19:23 of 2nd period - Stopped by Domenic DiVincentiis with a rebound.
19:47 of 2nd period - Snap shot by Justin Sourdif.
19:47 of 2nd period - Shot Misses the Net.
19:53 of 2nd period - Snap shot by Justin Sourdif.
19:53 of 2nd period - Shot Blocked by Maxwell Crozier.
Goals for this period are 3 for Orlando Solar Bears vs 1 for Tucson Roadrunners.
Shots for this period are 9 for Orlando Solar Bears vs 12 for Tucson Roadrunners.

3rd period


0:01 of 3rd period - Gustav Nyquist wins face-off versus Steven Lorentz in neutral zone.
0:10 of 3rd period - Slapshot by Gustav Nyquist.
0:10 of 3rd period - Stopped by Vyacheslav Peksa with a rebound.
0:12 of 3rd period - Slapshot by Conor Sheary.
0:12 of 3rd period - Stopped by Vyacheslav Peksa with a rebound.
0:14 of 3rd period - Wrist shot by Jesper Boqvist.
0:14 of 3rd period - Shot Blocked by Tyson Barrie.
0:16 of 3rd period - Slapshot by Henry Thrun.
0:16 of 3rd period - Stopped by Vyacheslav Peksa with a rebound.
0:26 of 3rd period - Alex Turcotte is hit by Dryden Hunt and loses puck.
0:31 of 3rd period - Snap shot by Ivan Ivan.
0:31 of 3rd period - Stopped by Domenic DiVincentiis with a rebound.
0:33 of 3rd period - Snap shot by William Carrier.
0:33 of 3rd period - Shot Blocked by Alex Turcotte.
0:35 of 3rd period - Snap shot by Ivan Ivan.
0:35 of 3rd period - Goal by Ivan Ivan - Orlando Solar Bears : 4 - Tucson Roadrunners : 2.
0:36 of 3rd period - Justin Danforth wins face-off versus Steven Lorentz in neutral zone.
1:08 of 3rd period - Wrist shot by William Carrier.
1:08 of 3rd period - Stopped by Domenic DiVincentiis with a rebound.
1:10 of 3rd period - Slapshot by Jani Hakanpaa.
1:10 of 3rd period - Shot Blocked by TJ Brodie.
1:12 of 3rd period - Wrist shot by William Carrier.
1:12 of 3rd period - Shot Hit the Post.
1:14 of 3rd period - Slapshot by Jani Hakanpaa.
1:14 of 3rd period - Shot Blocked by Jesper Boqvist.
1:26 of 3rd period - Slapshot by Matt Luff.
1:26 of 3rd period - Stopped by Domenic DiVincentiis without a rebound.
1:27 of 3rd period - Marat Khusnutdinov wins face-off versus Chase Wheatcroft in Orlando Solar Bears zone.
1:52 of 3rd period - Brock McGinn is hit by Spencer Stastney and loses puck.
2:05 of 3rd period - Wrist shot by Alex Turcotte.
2:05 of 3rd period - Shot Misses the Net.
3:05 of 3rd period - Snap shot by Steven Lorentz.
3:05 of 3rd period - Stopped by Domenic DiVincentiis with a rebound.
3:44 of 3rd period - Martin Pospisil is hit by Matt Luff and loses puck.
3:59 of 3rd period - Slapshot by Tyson Barrie.
3:59 of 3rd period - Deflect By Fabian Wagner.
3:59 of 3rd period - Stopped by Domenic DiVincentiis with a rebound.
4:36 of 3rd period - Hunter Haight is hit by Alex Turcotte and loses puck.
4:41 of 3rd period - Snap shot by Martin Pospisil.
4:41 of 3rd period - Deflect By Justin Danforth.
4:41 of 3rd period - Shot Blocked by Tyson Barrie.
4:41 of 3rd period - Puck is out of play.
4:42 of 3rd period - Marat Khusnutdinov wins face-off versus Chase Wheatcroft in Tucson Roadrunners zone.
8:11 of 3rd period - TJ Brodie is hit by Jani Hakanpaa and loses puck.
8:35 of 3rd period - Icing by Topias Vilen.
8:36 of 3rd period - Fabian Wagner wins face-off versus Justin Danforth in Tucson Roadrunners zone.
9:03 of 3rd period - Slapshot by Brock McGinn.
9:03 of 3rd period - Stopped by Domenic DiVincentiis with a rebound.
9:17 of 3rd period - Wrist shot by Alex Turcotte.
9:17 of 3rd period - Stopped by Vyacheslav Peksa with a rebound.
9:19 of 3rd period - Slapshot by Ty Nelson.
9:19 of 3rd period - Stopped by Vyacheslav Peksa with a rebound.
9:21 of 3rd period - Slapshot by Ty Nelson.
9:21 of 3rd period - Shot Blocked by Jani Hakanpaa.
9:23 of 3rd period - Wrist shot by Justin Danforth.
9:23 of 3rd period - Shot Misses the Net.
9:25 of 3rd period - Wrist shot by Alex Turcotte.
9:25 of 3rd period - Shot Blocked by Jani Hakanpaa.
9:25 of 3rd period - Jani Hakanpaa from Tucson Roadrunners is injured at 9:25 of 3rd period (Sore Left Knee).
9:26 of 3rd period - Gustav Nyquist wins face-off versus Steven Lorentz in Tucson Roadrunners zone.
9:27 of 3rd period - Snap shot by Conor Sheary.
9:27 of 3rd period - Shot Misses the Net.
9:52 of 3rd period - Marat Khusnutdinov is hit by Hunter Drew and loses puck.
9:58 of 3rd period - TJ Brodie is hit by Dryden Hunt and loses puck.
10:11 of 3rd period - Snap shot by Tyson Barrie.
10:11 of 3rd period - Shot Blocked by Isaak Phillips.
10:13 of 3rd period - Snap shot by Hunter Haight.
10:13 of 3rd period - Stopped by Domenic DiVincentiis with a rebound.
10:15 of 3rd period - Slapshot by Matt Luff.
10:15 of 3rd period - Stopped by Domenic DiVincentiis with a rebound.
10:17 of 3rd period - Wrist shot by Matt Luff.
10:17 of 3rd period - Stopped by Domenic DiVincentiis with a rebound.
10:19 of 3rd period - Slapshot by Tyson Barrie.
10:19 of 3rd period - Shot Misses the Net.
10:21 of 3rd period - Snap shot by Hunter Haight.
10:21 of 3rd period - Stopped by Domenic DiVincentiis without a rebound.
10:22 of 3rd period - Gustav Nyquist wins face-off versus Steven Lorentz in Orlando Solar Bears zone.
10:29 of 3rd period - Slapshot by Brock McGinn.
10:29 of 3rd period - Shot Blocked by Conor Sheary.
10:31 of 3rd period - Slapshot by Brock McGinn.
10:31 of 3rd period - Goal by Brock McGinn - Orlando Solar Bears : 4 - Tucson Roadrunners : 3.
10:32 of 3rd period - Marat Khusnutdinov wins face-off versus Steven Lorentz in neutral zone.
11:04 of 3rd period - Wrist shot by Conor Sheary.
11:04 of 3rd period - Stopped by Vyacheslav Peksa without a rebound.
11:05 of 3rd period - Ivan Ivan wins face-off versus Gustav Nyquist in Tucson Roadrunners zone.
11:55 of 3rd period - Icing by Steven Lorentz.
11:56 of 3rd period - Justin Danforth wins face-off versus Chase Wheatcroft in Tucson Roadrunners zone.
11:59 of 3rd period - Snap shot by Martin Pospisil.
11:59 of 3rd period - Stopped by Vyacheslav Peksa with a rebound.
12:05 of 3rd period - Snap shot by Chase Wheatcroft.
12:05 of 3rd period - Deflect By Hunter Haight.
12:05 of 3rd period - Stopped by Domenic DiVincentiis without a rebound.
12:06 of 3rd period - Gustav Nyquist wins face-off versus Steven Lorentz in Orlando Solar Bears zone.
12:06 of 3rd period - Gustav Nyquist is hit by Steven Lorentz.
12:14 of 3rd period - Wrist shot by Brock McGinn.
12:14 of 3rd period - Shot Misses the Net.
12:18 of 3rd period - Slapshot by Brock McGinn.
12:18 of 3rd period - Stopped by Domenic DiVincentiis with a rebound.
12:20 of 3rd period - Snap shot by Steven Lorentz.
12:20 of 3rd period - Stopped by Domenic DiVincentiis with a rebound.
12:22 of 3rd period - Wrist shot by Steven Lorentz.
12:22 of 3rd period - Deflect By Ty Dellandrea.
12:22 of 3rd period - Stopped by Domenic DiVincentiis with a rebound.
12:32 of 3rd period - William Carrier is hit by Adam Beckman and loses puck.
12:53 of 3rd period - Martin Pospisil is hit by Andre Lee.
13:11 of 3rd period - Chase Wheatcroft is hit by TJ Brodie.
13:17 of 3rd period - Wrist shot by Matt Luff.
13:17 of 3rd period - Stopped by Domenic DiVincentiis with a rebound.
13:53 of 3rd period - Gustav Nyquist is hit by Samuel Knazko and loses puck.
14:15 of 3rd period - Icing by Chase Wheatcroft.
14:16 of 3rd period - Matt Luff wins face-off versus Adam Beckman in Tucson Roadrunners zone.
14:16 of 3rd period - Matt Luff is hit by Adam Beckman.
14:29 of 3rd period - TJ Brodie is hit by Hunter Drew and loses puck.
14:36 of 3rd period - Slapshot by Chase Wheatcroft.
14:36 of 3rd period - Stopped by Domenic DiVincentiis without a rebound.
14:37 of 3rd period - Justin Danforth wins face-off versus Steven Lorentz in Orlando Solar Bears zone.
14:46 of 3rd period - Samuel Knazko is hit by TJ Brodie and loses puck.
16:19 of 3rd period - Tyson Barrie is hit by Conor Sheary and loses puck.
16:37 of 3rd period - Tyson Barrie is hit by Alexis Gendron and loses puck.
17:03 of 3rd period - Slapshot by Tyson Barrie.
17:03 of 3rd period - Shot Blocked by Isaak Phillips.
17:05 of 3rd period - Slapshot by Hunter Haight.
17:05 of 3rd period - Stopped by Domenic DiVincentiis with a rebound.
17:35 of 3rd period - Slapshot by Alex Turcotte.
17:35 of 3rd period - Shot Blocked by Ondrej Pavel.
18:02 of 3rd period - Wrist shot by Gustav Nyquist.
18:02 of 3rd period - Shot Hit the Post.
18:04 of 3rd period - Snap shot by Conor Sheary.
18:04 of 3rd period - Stopped by Vyacheslav Peksa with a rebound.
18:06 of 3rd period - Snap shot by Gustav Nyquist.
18:06 of 3rd period - Stopped by Vyacheslav Peksa without a rebound.
18:07 of 3rd period - Gustav Nyquist wins face-off versus Steven Lorentz in Tucson Roadrunners zone.
18:20 of 3rd period - Gustav Nyquist is hit by Samuel Knazko and loses puck.
18:31 of 3rd period - Tucson Roadrunners, Vyacheslav Peksa is pulled from the net.
18:52 of 3rd period - Snap shot by Adam Beckman.
18:52 of 3rd period - Shot Misses the Net.
19:07 of 3rd period - Ty Dellandrea is hit by TJ Brodie and loses puck.
19:13 of 3rd period - Off-side.
19:14 of 3rd period - Lane Lambert call a timeout for Tucson Roadrunners.
19:14 of 3rd period - Steven Lorentz wins face-off versus Gustav Nyquist in neutral zone.
19:17 of 3rd period - Snap shot by Ty Dellandrea.
19:17 of 3rd period - Stopped by Domenic DiVincentiis with a rebound.
19:27 of 3rd period - Snap shot by Ty Dellandrea.
19:27 of 3rd period - Stopped by Domenic DiVincentiis with a rebound.
19:37 of 3rd period - Steven Lorentz is hit by Jesper Boqvist and loses puck.
19:44 of 3rd period - Wrist shot by Gustav Nyquist.
19:44 of 3rd period - Goal by Gustav Nyquist - Orlando Solar Bears : 5 - Tucson Roadrunners : 3.
19:44 of 3rd period - Vyacheslav Peksa from Tucson Roadrunners was sent back in the game.
19:45 of 3rd period - Steven Lorentz wins face-off versus Justin Sourdif in neutral zone.
Goals for this period are 1 for Orlando Solar Bears vs 2 for Tucson Roadrunners.
Shots for this period are 10 for Orlando Solar Bears vs 21 for Tucson Roadrunners.